 Dungeon Crawl Stone Soup version 0.31-a0-185-g9dded2c639 (webtiles) character file.

Game seed: 7080953074548881447

91 qw the Shooter (level 4, -1/25 HPs)
             Began as a Deep Elf Hunter on June 22, 2023.
             Slain by a goblin
             ... wielding a +2 dagger of electrocution
             ... led by Robin
              (5 damage)
             ... on level 3 of the Dungeon.
             The game lasted 00:00:31 (1806 turns).

qw the Shooter (Deep Elf Hunter)                    Turns: 1806, Time: 00:00:31

Health: -1/25      AC:  5    Str: 10    XL:     4   Next: 33%
Magic:  6/6        EV: 11    Int: 14    God:
Gold:   97         SH:  0    Dex: 18    Spells: 3/3 levels left

rFire   . . .        Y - +0 shortbow
rCold   . . .        (shield currently unavailable)
rNeg    . . .        e - +0 ring mail
rPois   .            (no helmet)
rElec   .            (no cloak)
rCorr   .            (no gloves)
SInv    .            (no boots)
Will    .....        (no amulet)
Stlth   +            (no ring)
HPRegen 0.24/turn    (no ring)
MPRegen 0.10/turn

%: no passive effects
@: about to teleport
A: no striking features
a: no special abilities


You were on level 3 of the Dungeon.
You visited 1 branch of the dungeon, and saw 3 of its levels.

You collected 97 gold pieces.


   Skills:
 - Level 1.5 Fighting
 + Level 7.7 Ranged Weapons
 - Level 2.4 Dodging
 - Level 1.2 Stealth


You had 3 spell levels left.
You didn't know any spells.
Your spell library was empty.

Inventory:

Hand Weapons
 Y - a +0 shortbow (weapon)
Armour
 e - a +0 ring mail (worn)
 l - a +0 cloak
Jewellery
 b - a ring of flight
 i - an amulet of faith
Scrolls
 h - a scroll of teleportation
 k - a scroll of poison {unknown}
Potions
 a - a potion of cancellation {unknown}
 c - a potion of degeneration {unknown}
 d - a potion of ambrosia {unknown}
 f - a potion of curing
 g - a potion of haste {unknown}
 j - 2 potions of might {unknown}

Dungeon Overview and Level Annotations

Branches:
Dungeon (3/15)

Altars:
Yredelemnul

Annotations:
D:3 Robin


Message History

You hear a shout!
Robin roars a battlecry!
The goblins go into a battle-frenzy!
You hear a shout!
You shoot an arrow. The arrow hits the hobgoblin!
You kill the hobgoblin!
A goblin comes into view. It is wielding a +0 club.
You shoot an arrow. The arrow hits the hobgoblin!
You kill the hobgoblin!
A goblin comes into view. It is wielding a +0 club.
You shoot an arrow. The arrow hits the goblin.
The goblin is severely wounded.
A hobgoblin comes into view.
You shoot an arrow. The arrow hits the goblin.
You kill the goblin!
Robin throws the goblin at you!
You shoot an arrow. The arrow closely misses the goblin.
The goblin hits you but does no damage.
Robin roars a battlecry!
The goblin goes into a battle-frenzy!
A hobgoblin comes into view.
The goblin barely misses you.
You shoot an arrow. The arrow hits the goblin.
The goblin is severely wounded.
The goblin closely misses you.
You shoot an arrow. The arrow hits the goblin!
You kill the goblin!
You hear an angry hiss.
You shoot an arrow. The arrow hits the goblin!
You kill the goblin!
You hear an angry hiss.
Robin throws the goblin at you!
The goblin hits you with a +2 dagger of electrocution.
You are electrocuted!
Ouch! That really hurt!
1806 ||| READING 2 scrolls of teleportation.
As you read the scroll of teleportation, it crumbles to dust.
You feel strangely unstable.
The goblin hits you with a +2 dagger of electrocution.
You die...

.. #. .. .### #.
.. ...#. . ###
##.#. #.#.. .....
g#.# #.#. .g# #.#.
#g# #########.#.
#@# #...#...#...
#.## #.#.#.#.#.#.
#..####.#...#.###.
##.....%#####.....
#......#####.....
######.#...#.###.
#.#.###.# ..
#...#...# ##
#########


You could see Robin, a hobgoblin (strong) and a goblin (strong).

Vanquished Creatures
  Terence (D:2)
  2 adders
  4 ball pythons
  4 bats
  An endoplasm (D:1)
  2 giant cockroaches (D:2)
  11 goblins
  5 hobgoblins
  2 kobolds (D:2)
  4 quokkas
  2 frilled lizards
  6 rats
44 creatures vanquished.

Notes
Turn   | Place    | Note
-------+----------+-------------------------------------------
     0 | D:1      | qw the Deep Elf Hunter began the quest for the Orb.
     0 | D:1      | Reached XP level 1. HP: 12/12 MP: 3/3
     0 | D:1      | 0 ||| qw: Version: 0.3-a-9-g12657ce
     0 | D:1      | 0 ||| qw: Game counter: 1740
     0 | D:1      | 0 ||| qw: Always use a shield: true
     0 | D:1      | 0 ||| qw: God list: Okawaru
     0 | D:1      | 0 ||| qw: Allow faded altars: false
     0 | D:1      | 0 ||| qw: Do Orc after D:15 true
     0 | D:1      | 0 ||| qw: Do second Lair branch before Depths: true
     0 | D:1      | 0 ||| qw: Lair rune preference: random
     0 | D:1      | 0 ||| qw: Plans: Normal
     0 | D:1      | 0 ||| PLANNING D:1-11
   194 | D:1      | Reached skill level 6 in Ranged Weapons
   194 | D:1      | Reached XP level 2. HP: 16/16 MP: 4/4
   564 | D:1      | 564 ||| UPGRADING to +0 ring mail.
   574 | D:1      | 574 ||| DROPPING +0 leather armour.
   575 | D:1      | 575 ||| READING scroll labelled DASISS DUPACSU.
   579 | D:1      | 579 ||| DROPPING scroll of butterflies.
   916 | D:2      | Noticed Terence
   927 | D:2      | Killed Terence
   928 | D:2      | Reached skill level 7 in Ranged Weapons
   928 | D:2      | Reached XP level 3. HP: 13/20 MP: 5/5
  1490 | D:2      | 1490 ||| READING scroll labelled ODUNKY TOTZ.
  1491 | D:2      | 1491 ||| DRINKING 2 brown potions.
  1562 | D:3      | Reached XP level 4. HP: 23/25 MP: 6/6
  1610 | D:3      | Found a basalt altar of Yredelemnul.
  1655 | D:3      | Found a faded altar of an unknown god.
  1794 | D:3      | Noticed Robin
  1805 | D:3      | HP: 4/25 [goblin/+2 dagger of electrocution[Robin] (14)]
  1806 | D:3      | 1806 ||| READING 2 scrolls of teleportation.
  1806 | D:3      | Slain by a goblin

Levels and vault maps discovered:
D:1:      beargit_arrival_diablo_church, layout_basic, wad_floor_pattern_2
D:2:      layout_basic, uniq_terence
D:3:      layout_basic, nicolae_qazlal_general_emergency, lemuel_round_altar,
          nicolae_ru_the_path_less_chosen, mainiacjoe_overflow_catwalk,
          ebering_ecumenical_altar_rust, dreamdust_wishing_well,
          bh_walls_and_bars, uniq_grinder, uniq_robin

Skill      XL: |  1  2 |
---------------+-------+-----
Ranged Weapons | 6 7 |  7.7
Fighting       | |  1.5
Dodging        | |  2.4
Stealth        | |  1.2

Action                     |  1- 3 |  4- 6 || total
---------------------------+-------+-------++-------
   Fire: Shortbow          |    72 |    28 ||   100
    Use: Scroll            |     2 |     1 ||     3
         Potion            |     1 |       ||     1
 Armour: Leather armour    |     1 |       ||     1
         Ring mail         |     7 |     5 ||    12
  Dodge: Dodged            |    10 |     5 ||    15

Table legend:
 A = Non-vault XP
 B = Vault XP
 C = Vault XP percentage of total XP
 D = Non-vault monster count
 E = Vault monster count
 F = Vault count percentage of total count
                 A         B        C        D         E       F
            +---------+---------+-------+---------+---------+-------
      Total |      82 |      48 |  36.9 |      37 |       7 |  15.9
            +---------+---------+-------+---------+---------+-------
        D:1 |      27 |       0 |   0.0 |      16 |       0 |   0.0
        D:2 |      31 |      36 |  53.7 |      13 |       1 |   7.1
        D:3 |      24 |      12 |  33.3 |       8 |       6 |  42.9
            +---------+---------+-------+---------+---------+-------
